 Dungeon Crawl Stone Soup version 0.23-a0-301-g9da9e51 (webtiles) character file.

36 Amnesiac the Digger (level 3, 0/31 HPs)
             Began as a Troll Earth Elementalist on Oct 7, 2018.
             Succumbed to an adder's poison
             ... on level 3 of the Dungeon.
             The game lasted 00:01:31 (315 turns).

Amnesiac the Digger (Troll Earth Elementalist)       Turns: 315, Time: 00:01:32

Health: 0/31       AC:  5    Str: 16    XL:     3   Next: 19%
Magic:  4/4        EV: 10    Int: 12    God:
Gold:   21         SH:  0    Dex: 10    Spells: 2/5 levels left

rFire    . . .     SeeInvis .   (no weapon)
rCold    . . .     Gourm    +   (no shield)
rNeg     . . .     Faith    .   c - +0 robe
rPois    .         Spirit   .   (helmet restricted)
rElec    .         Reflect  .   (no cloak)
rCorr    .         Harm     .   (gloves unavailable)
MR       .....                  (boots unavailable)
Stlth    +.........             (no amulet)
HPRegen  0.50/turn              n - ring of flight
MPRegen  0.09/turn              (no ring)

@: lethally poisoned (0 -> -1)
A: large, unfitting armour, claws 3, fast metabolism 3, gourmand, regeneration
1, shaggy fur 1, tough skin 2
a: Evoke Flight


You were on level 3 of the Dungeon.
You were not hungry.

You visited 1 branch of the dungeon, and saw 4 of its levels.

You collected 21 gold pieces.

Inventory:

Missiles
 b - 60 stones (quivered)
Armour
 c - a +0 robe (worn)
Jewellery
 n - a ring of flight (left claw)
Scrolls
 a - 2 scrolls of teleportation {!r, unknown}
 e - a scroll of amnesia {!r, unknown}
 f - a scroll of fear {!r, unknown}
 h - a scroll of magic mapping {!r, unknown}
 i - a scroll of enchant armour {!r, unknown}
 o - a scroll of remove curse {!r, unknown}
Potions
 g - a potion of might {!q, unknown}
 k - a potion of cancellation {!q, unknown}
 l - a potion of resistance {!q, unknown}
 m - a potion of haste {!q, unknown}
Comestibles
 d - 2 rations
 j - 3 chunks of flesh


   Skills:
 - Level 1.5 Dodging
 - Level 1.0 Stealth
 + Level 1.6 Spellcasting
 - Level 0.6 Transmutations
 * Level 3.5 Earth Magic


You had 2 spell levels left.
You knew the following spells:

 Your Spells              Type           Power        Failure   Level  Hunger
a - Sandblast             Erth           #.....       7%          1    ##.....
b - Passwall              Tmut/Erth      #.......     19%         2    ###....

Your spell library contained the following spells:

 Spells                   Type           Power        Failure   Level  Hunger
 Stone Arrow              Conj/Erth      #.....       38%         3    ####...
 Petrify                  Tmut/Erth      #.......     75%         4    #####..
 Lee's Rapid Deconstruct  Erth           #.........   88%         5    ######.


Dungeon Overview and Level Annotations

Branches:
Dungeon (4/15)
 Temple: D:4-7

Altars:
Wu Jian


Innate Abilities, Weirdness & Mutations

You are too large for most types of armour.
You have claws for hands.
Your metabolism is lightning-fast.
You like to eat raw meat.
Your natural rate of healing is unusually fast.
You are covered in fur. (AC +1)
You have very tough skin. (AC +2)


Message History

The orc wizard mumbles some strange words.
The orc wizard blinks!
The adder closely misses you.
You scratch the adder.
The adder is moderately wounded.
The adder barely misses you.
You closely miss the adder.
The adder is moderately wounded.
You feel sick. The adder bites you but does no damage.
The adder closely misses you.
The orc wizard casts a spell.
The orc wizard seems to speed up.
You feel sick. The orc wizard misses you. The adder bites you.
The orc wizard gestures at you while chanting.
You feel yourself slow down.
You feel sick.
The orc wizard gestures wildly while chanting.
The orc wizard blinks!
The adder bites you but does no damage.
Found 17 gold pieces.
The adder barely misses you.
You miss the adder.
The adder is moderately wounded.
The adder barely misses you. The adder bites you.
You are more poisoned.
The adder poisons you!
You claw the adder!
The adder is almost dead.
You feel sick. The adder barely misses you. The adder bites you.
You miss the adder.
The adder is almost dead.
You feel sick. The adder misses you. The adder bites you but does no damage.
You feel sick. The adder bites you but does no damage.
You feel sick. The adder closely misses you.
The adder bites you but does no damage.
You feel sick.
The orc wizard mumbles some strange words.
The orc wizard blinks!
The adder bites you.
You are more poisoned.
The adder poisons you!
You scratch the orc wizard but do no damage.
You feel sick. The orc wizard closely misses you. The adder bites you.
You are more poisoned.
The adder poisons you!
The orc wizard gestures at you while chanting.
The magic dart hits you!
* * * LOW HITPOINT WARNING * * *
The adder misses you.
You feel sick. The orc wizard barely misses you.
The orc wizard closely misses you. The adder bites you but does no damage.
The orc wizard hits you but does no damage.
You feel sick. The orc wizard barely misses you. The adder barely misses you.
You feel sick. The orc wizard misses you.
The orc wizard hits you with a dagger.
* * * LOW HITPOINT WARNING * * *
The adder bites you but does no damage.
* * * LOW HITPOINT WARNING * * *
You feel sick.
The orc wizard hits you but does no damage.
There is a stone staircase leading up here.
* * * LOW HITPOINT WARNING * * *
You feel sick. The orc wizard closely misses you.
You climb upwards.
You feel yourself speed up.
You die...

......#####
.............##
.....#........##
...............#
...............#
....._.........#
...............#
.....(.K......<#
...#.@......##
.#..#o.......##
#.............#
#.............#
#.............#
#.............#
#.............#
#...#........##
#...##..<...##


You could see an orc wizard and a kobold.

Vanquished Creatures
  2 oozes
  2 orcs (D:4)
  A ball python (D:2)
  A bat (D:1)
  A giant cockroach (D:1)
  4 goblins (D:1)
  A hobgoblin (D:1)
  5 jackals
  A quokka (D:2)
  A frilled lizard (D:1)
  3 kobolds (D:1)
  A rat (D:1)
23 creatures vanquished.

Notes
Turn   | Place    | Note
-------+----------+-------------------------------------------
     0 | D:1      | Amnesiac the Troll Earth Elementalist began the quest for
                  | the Orb.
     0 | D:1      | Reached XP level 1. HP: 16/16 MP: 1/1
   120 | D:1      | Reached skill level 3 in Earth Magic
   162 | D:1      | Reached XP level 2. HP: 24/24 MP: 3/3
   188 | D:1      | Learned a level 2 spell: Passwall
   216 | D:3      | Found an ornate altar of the Wu Jian Council.
   258 | D:4      | Reached XP level 3. HP: 27/31 MP: 4/4
   277 | D:4      | Noticed an ogre
   314 | D:4      | HP: 1/31 [poisoned by an adder]
   315 | D:3      | Succumbed to an adder's poison

Vault maps used:
D:1:      kennysheep_arrival_seaside
D:2:      overflow_temple_1_default
D:3:      lemuel_round_altar, lemuel_coloured_pillars_altar,
          overflow_temple_1_default, first_ration, uniq_ijyb
D:4:      trog_eyes_of_draining, uniq_sigmund, uniq_grinder

Skill      XL: |  1 |
---------------+----+-----
Earth Magic    | 3 |  3.5
Dodging        | |  1.5
Stealth        | |  1.0
Spellcasting   | |  1.6
Transmutations | |  0.6

Action                   || total
-------------------------++-------
Melee: Unarmed           ||    96
  Eat: Chunk             ||     4
Armor: Robe              ||    40
Dodge: Dodged            ||    74

Table legend:
 A = Non-vault XP
 B = Vault XP
 C = Vault XP percentage of total XP
 D = Non-vault monster count
 E = Vault monster count
 F = Vault count percentage of total count
                 A         B        C        D         E       F
            +---------+---------+-------+---------+---------+-------
      Total |      52 |       0 |   0.0 |      23 |       0 |   0.0
            +---------+---------+-------+---------+---------+-------
        D:1 |      25 |       0 |   0.0 |      13 |       0 |   0.0
        D:2 |      11 |       0 |   0.0 |       3 |       0 |   0.0
        D:3 |       2 |       0 |   0.0 |       1 |       0 |   0.0
        D:4 |      14 |       0 |   0.0 |       6 |       0 |   0.0
            +---------+---------+-------+---------+---------+-------
